 Dungeon Crawl Stone Soup version 0.27-a0-1196-g3e9cee4cb2 (webtiles) character file.

Game seed: 11169832813026971461

114 karrick the Vexing (level 4, -1/31 HPs)
             Began as a Vampire Enchanter on May 30, 2021.
             Slain by an ogre (13 damage)
             ... on level 3 of the Dungeon.
             The game lasted 00:05:30 (2324 turns).

karrick the Vexing (Vampire Enchanter)              Turns: 2324, Time: 00:05:30

Health: -1/31      AC:  5    Str:  8    XL:     4   Next: 66%
Magic:  1/7        EV: 12    Int: 17    God:
Gold:   153        SH:  0    Dex: 14    Spells: 0/7 levels left

rFire    . . .     SeeInvis +   m - +1 dagger (venom)
rCold    . . .     Faith    .   (no shield)
rNeg     + . .     Spirit   .   b - +0 robe
rPois    +         Reflect  .   g - +2 helmet
rElec    .         Harm     .   (no cloak)
rCorr    .         Rampage  .   (no gloves)
Will     .....                  (no boots)
Stlth    +++.......             (no amulet)
HPRegen  0.30/turn              d - ring of positive energy
MPRegen  0.10/turn              l - ring of poison resistance

@: confusing by touch, healing quickly
A: alive, fangs 3, see invisible, vampiric 2
a: Exsanguinate


You were on level 3 of the Dungeon.
You visited 1 branch of the dungeon, and saw 3 of its levels.

You collected 153 gold pieces.

Inventory:

Hand Weapons
 m - a +1 dagger of venom (weapon)
Armour
 b - a +0 robe (worn)
 g - a +2 helmet (worn)
Magical Staves
 i - a staff of death
Jewellery
 d - a ring of positive energy (left hand)
 l - a ring of poison resistance (right hand)
Wands
 a - a wand of paralysis (11)
 n - a wand of digging (4)
Scrolls
 c - a scroll of fog {unknown}
 f - a scroll of fear {unknown}
 h - a scroll of vulnerability {unknown}
 j - a scroll of identify {unknown}
 k - a scroll of enchant weapon {unknown}
Potions
 e - 4 potions of flight {unknown}


   Skills:
 + Level 0.9 Fighting
 + Level 2.1 Short Blades
 + Level 2.7 Dodging
 * Level 5.6 Stealth
 + Level 2.2 Spellcasting
 * Level 5.7 Hexes


You couldn't memorise any spells.
You knew the following spells:

 Your Spells              Type           Power      Damage    Failure   Level
a - Corona                Hex            23%        N/A       1%          1
b - Confusing Touch       Hex            21%        N/A       5%          3
c - Tukima's Dance        Hex            21%        N/A       5%          3

Your spell library contained the following spells:

 Spells                   Type           Power      Damage    Failure   Level
 Ensorcelled Hibernation  Hex/Ice        22%        N/A       9%          2
 Dazzling Flash           Conj/Hex       22%        N/A       17%         3
 Gell's Gravitas          Tloc           0%         N/A       50%         3
 Metabolic Englaciation   Hex/Ice        5%         N/A       85%         5
 Yara's Violent Unravell  Hex/Tmut       5%         3d4       85%         5
 Petrify                  Tmut/Erth      1%         N/A       88%         4


Dungeon Overview and Level Annotations

Branches:
Dungeon (3/15)

Altars:
Cheibriados
Gozag

Annotations:
D:3 2 transporters


Innate Abilities, Weirdness & Mutations

Your natural rate of healing is accelerated.
You have razor-sharp teeth.
You have supernaturally acute eyesight. (SInv)
You are afflicted with vampirism and can become a bat while bloodless.


Message History

Things that are here:
a +0 dagger; 10 stones The rat twitches its whiskers.
There is a transporter here.
You see here 12 bolts. 2 goblins come into view.
A kobold comes into view.
It is wielding a +0 club and carrying a wand of digging (4).
The kobold moves out of view.
The helpless goblin fails to defend itself.
You impale the goblin!!
You kill the goblin!
You catch the helpless kobold completely off-guard!
You puncture the kobold!
You kill the kobold!
Items here: ( ) / †.
The helpless goblin fails to defend itself.
You impale the goblin!!
You kill the goblin!
No target in view!
n - a wand of digging (4)
Things that are here:
a +0 club; a stone; a kobold corpse An ogre comes into view.
It is wielding a +0 giant spiked club.
Casting: Tukima's Dance (dangerous; 5% risk of failure)
Confirm with . or Enter, or press ? or * to list all spells.
Aiming: Tukima's Dance (dangerous; 5% risk of failure)
Press: ? - help, Shift-Dir - straight line, f - ogre
Aim: an ogre, wielding a +0 giant spiked club (asleep, chance to affect: 60%)
The ogre shouts!
The +0 giant spiked club dances into the air!
Casting: Tukima's Dance (dangerous; 5% risk of failure)
Confirm with . or Enter, or press ? or * to list all spells.
Your hands begin to glow red.
You hit the ogre but do no damage. The ogre hits you but does no damage.
You barely miss the ogre. The ogre hits you!
You hit the ogre but do no damage. The ogre hits you!
You hit the ogre but do no damage. You bite the ogre, but do no damage.
You hit the ogre but do no damage. The ogre hits you!
You die...

###### #....##
#####....## ####........#
### ########....###....#
....#.....#..#### #....#
.........)))## ###.###
.......O@...# ###....
....(.......#######...###
....................#...#
............###########..
............# #..
...........## #..
....#.....## #..
########### ### #


You could see an ogre (ally target) and a friendly +0 giant spiked club.

Vanquished Creatures
  2 adders
  A dart slug (D:1)
  4 ball pythons
  A bat (D:2)
  6 endoplasms
  15 giant cockroaches
  9 goblins
  7 hobgoblins
  A quokka (D:1)
  A frilled lizard (D:2)
  7 kobolds
  9 rats
63 creatures vanquished.

Vanquished Creatures (collateral kills)
  3 gnolls
  An orc (D:3)
4 creatures vanquished.

Grand Total: 67 creatures vanquished

Notes
Turn   | Place    | Note
-------+----------+-------------------------------------------
     0 | D:1      | karrick the Vampire Enchanter began the quest for the Orb.
     0 | D:1      | Reached XP level 1. HP: 13/13 MP: 3/3
   111 | D:1      | Found a faded altar of an unknown god.
   244 | D:1      | Reached XP level 2. HP: 6/19 MP: 5/5
   310 | D:1      | Reached skill level 5 in Hexes
   532 | D:2      | Reached skill level 5 in Stealth
   532 | D:2      | Gained mutation: You are afflicted with vampirism and can
                  | become a bat while bloodless. [Vampire growth]
   532 | D:2      | Reached XP level 3. HP: 14/24 MP: 4/6
   611 | D:2      | Found an opulent altar of Gozag.
  1107 | D:2      | Learned a level 3 spell: Confusing Touch
  1667 | D:2      | Reached XP level 4. HP: 31/31 MP: 7/7
  1673 | D:2      | Learned a level 3 spell: Tukima's Dance
  1984 | D:3      | Found a snail-covered altar of Cheibriados.
  1986 | D:3      | Noticed a steam dragon
  1990 | D:3      | Found a transporter.
  2206 | D:3      | Found a transporter.
  2314 | D:3      | Noticed an ogre
  2324 | D:3      | Slain by an ogre

Illustrated notes

Levels and vault maps discovered:
D:1:      psy_arrival_radial01, layout_rooms,
          shapermc_ecumenical_altar_starsandcircs
D:2:      minmay_roachtagon, layout_basic, basic_altar
D:3:      layout_rooms, gammafunk_temple_overflow_arena

Skill      XL: |  1  2  3 |
---------------+----------+-----
Hexes          | 5 |  5.7
Stealth        | 5 |  5.6
Short Blades   | 2 |  2.1
Fighting       | |  0.9
Dodging        | |  2.7
Spellcasting   | |  2.2

Action                   |  1- 3 |  4- 6 || total
-------------------------+-------+-------++-------
Melee: Dagger            |   219 |    68 ||   287
       Bite              |    14 |     6 ||    20
 Cast: Corona            |     2 |       ||     2
       Tukima's Dance    |       |     7 ||     7
       Confusing Touch   |       |     5 ||     5
 Stab: Sleeping          |     8 |     3 ||    11
       Distracted        |       |     1 ||     1
       Confused          |       |     1 ||     1
Armor: Robe              |    85 |    14 ||    99
Dodge: Dodged            |   175 |    27 ||   202

Table legend: (Time is in decaauts)
 A = Elapsed time spent in this place.
 B = Non-inter-level travel time spent in this place.
 C = Inter-level travel time spent in this place.
 D = Time resting spent in this place.
 E = Time spent auto-exploring this place.
 F = Levels seen in this place.
 G = Mean time per level.
                   A        B        C        D        E       F      G
               +--------+--------+--------+--------+--------+-----+--------+
         Total |   2302 |   2207 |     95 |     52 |   1490 |   3 |  767.3 |
       Dungeon |   2302 |   2207 |     95 |     52 |   1490 |   3 |  767.3 |
               +--------+--------+--------+--------+--------+-----+--------+

Top non-repeatable levels by time:
     D:2: 1117 daAuts
     D:1: 708 daAuts
     D:3: 476 daAuts
